 Dungeon Sprint DCSS version 0.18-a0-124-g4fdfa27 (webtiles) character file.

1557 Kidiri the Covert (level 8, -4/42 HPs)
             Began as a Spriggan Enchanter on Nov 20, 2015.
             Slain by a yaktaur (13 damage)
             ... in the Dungeon (Sprint II: "The Violet Keep of Menkaure").
             The game lasted 00:06:26 (577 turns).

Kidiri the Covert (Spriggan Enchanter)               Turns: 577, Time: 00:06:26

Health: -4/42      AC:  3    Str:  4    XL:     8   Next: 58%
Magic:  14/22      EV: 27    Int: 17    God:
Gold:   72         SH:  0    Dex: 18    Spells: 8 memorised, 2 levels left

rFire  . . .     SeeInvis +     k - +0 rapier
rCold  . . .     Clarity  .     b - +1 robe
rNeg   . . .     SustAt   .     (shield restricted)
rPois  .         Gourm    .     (helmet restricted)
rElec  .         Spirit   .     (no cloak)
rCorr  .         Warding  .     (gloves unavailable)
rMut   .         NoTele   +     (boots unavailable)
MR     +....                    (no amulet)
Stlth  ++++++....               (no ring)
                                (no ring)

@: lethally poisoned (-4 -> -5), very quick, somewhat resistant to hostile
enchantments, very stealthy
A: unfitting armour, see invisible, herbivore 3, speed 3, slow metabolism 2
a: no special abilities


You were in the Dungeon.
You were not hungry.

You visited 1 branch You collected 972 gold pieces.
You spent 900 gold pieces at shops.

Inventory:

Hand Weapons
 a - a +1 dagger
 k - a +0 rapier (weapon)
Armour
 b - a +1 robe (worn)
Scrolls
 j - a scroll of blinking
Potions
 e - a potion of curing
 g - a potion of haste
 h - a potion of magic
 i - a potion of berserk rage
Books
 c - a book of Maledictions

   Spells                             Type                      Level
   a - Corona                         Hexes                        1
   b - Ensorcelled Hibernation        Hexes/Ice                    2
   c - Confuse                        Hexes                        3
   d - Tukima's Dance                 Hexes                        3
   e - Dazzling Spray                 Conjuration/Hexes            3
 l - a book of Burglary

   Spells                             Type                      Level
   a - Swiftness                      Charms/Air                   2
   b - Passwall                       Transmutation/Earth          3
   c - Passage of Golubria            Translocation                4
   d - Lee's Rapid Deconstruction     Earth                        5
   e - Darkness                       Hexes                        6
   f - Invisibility                   Hexes                        6
Comestibles
 d - a bread ration


   Skills:
 + Level 4.2 Fighting
 * Level 8.3 Short Blades
 + Level 3.8 Armour
 * Level 11.1 Dodging
 * Level 12.3 Stealth
 * Level 9.6 Spellcasting
 + Level 3.4 Conjurations
 + Level 7.3 Hexes
 + Level 2.7 Translocations
 + Level 2.3 Transmutations
 + Level 3.6 Ice Magic
 + Level 1.5 Earth Magic


You had 2 spell levels left.
You knew the following spells:

 Your Spells              Type           Power        Failure   Level  Hunger
a - Corona                Hex            ####...      1%          1    None
b - Ensorcelled Hibernat  Hex/Ice        ####..       1%          2    None
c - Confuse               Hex            ####....     1%          3    None
d - Tukima's Dance        Hex            ####....     1%          3    None
e - Dazzling Spray        Conj/Hex       ####....     3%          3    None
f - Passwall              Trmt/Erth      ##........   14%         3    None
g - Passage of Golubria   Tloc           N/A          30%         4    ###....
h - Lee's Rapid Deconstr  Erth           ##........   95%         5    #####..


Dungeon Overview and Level Annotations

Branches:
Dungeon (1/1)

Altars:
Cheibriados
Elyvilon
Fedhas
Gozag
Makhleb
Nemelex Xobeh
Okawaru
Qazlal
Ru
Sif Muna
Trog
Vehumet
Zin
Jiyva
Lugonu

Shops:
D =!:}}!![:[?:%=([

Annotations:
D exclusion: oklob plant


Innate Abilities, Weirdness & Mutations

You are tiny and cannot use many weapons and most armour.
You have supernaturally acute eyesight.
You are a herbivore.
You cover ground extremely quickly.
You need consume almost no food.


Message History

Confirm with . or Enter, or press ? or * to list all spells.
Aiming: Ensorcelled Hibernation
Press: ? - help, Shift-Dir - straight line, f/p - yaktaur
Aim: a yaktaur (chance to defeat MR: 37%)
The yaktaur easily resists.
The yaktaur completely misses you.
Casting: Ensorcelled Hibernation
Confirm with . or Enter, or press ? or * to list all spells.
Aiming: Ensorcelled Hibernation
Press: ? - help, Shift-Dir - straight line, f/p - yaktaur
Aim: a yaktaur (chance to defeat MR: 37%)
The yaktaur easily resists.
The yaktaur barely misses you.
Casting: Ensorcelled Hibernation
Confirm with . or Enter, or press ? or * to list all spells.
Aiming: Dazzling Spray
Press: ? - help, Shift-Dir - straight line, f/p - yaktaur
Aim: a yaktaur The spray of energy hits the yaktaur.
The yaktaur is lightly wounded.
You feel sick. The yaktaur hits you!
You die...

.....# +##..# #.
#.##.#### +.### ##.#
...# ...#### #.####..##
#..##$# '###.##..#
+..#..# .##.%.#..#
#..#.†#
<.'##.+..####..##c#
.##.###....###..@##▓▓
'###.##..§...≈≈≈≈≈≈≈≈≈≈≈
######≈≈.§§..≈#+########
#..#≈≈≈≈≈≈§§.≈#....._._#
..##≈≈≈≈≈§§≈.≈#...._._.#
+##≈≈≈≈≈§§≈§≈≈#..._._._#
≈≈≈≈≈§≈§§≈§§≈≈#.._._._.#
#+++#≈§≈≈§≈≈≈≈#.⌠._._._#
.§§ ##≈§§###§§#.._._.


You could see a yaktaur.

Vanquished Creatures
  3 polar bears (D)
  2 boulder beetles (D)
  2 hippogriffs (D)
  A wasp (D)
  4 brain worms (D)
  2 crocodiles (D)
  A hell rat (D)
  3 worms (D)
18 creatures vanquished.

Vanquished Creatures (others)
  Menkaure (D)
1 creature vanquished.

Grand Total: 19 creatures vanquished

Notes
Turn   | Place    | Note
--------------------------------------------------------------
     0 | D        | Kidiri the Spriggan Enchanter began the quest for the Orb.
     0 | D        | Reached XP level 1. HP: 9/9 MP: 5/5
     1 | D        | Noticed a brain worm
     9 | D        | Killed a brain worm
     9 | D        | Reached skill level 1 in Fighting
     9 | D        | Reached skill level 1 in Armour
     9 | D        | Reached skill level 5 in Dodging
     9 | D        | Reached skill level 6 in Stealth
     9 | D        | Reached XP level 2. HP: 12/14 MP: 4/8
     9 | D        | Reached XP level 3. HP: 15/18 MP: 5/10
     9 | D        | Reached XP level 4. HP: 18/22 MP: 5/11
    13 | D        | Learned a level 2 spell: Ensorcelled Hibernation
    16 | D        | Noticed a brain worm
    17 | D        | Learned a level 3 spell: Confuse
    24 | D        | Killed Menkaure
    28 | D        | Learned a level 3 spell: Tukima's Dance
    32 | D        | Learned a level 3 spell: Dazzling Spray
    99 | D        | Killed a brain worm
    99 | D        | Reached skill level 7 in Stealth
    99 | D        | Reached skill level 5 in Spellcasting
    99 | D        | Reached skill level 5 in Hexes
    99 | D        | Reached skill level 1 in Ice Magic
    99 | D        | Reached XP level 5. HP: 24/26 MP: 8/14
   103 | D        | Reached skill level 5 in Short Blades
   103 | D        | Reached skill level 8 in Stealth
   103 | D        | Reached skill level 1 in Conjurations
   205 | D        | Reached skill level 9 in Stealth
   205 | D        | Reached XP level 6. HP: 32/32 MP: 12/16
   237 | D        | Noticed a boulder beetle
   237 | D        | Noticed a boulder beetle
   241 | D        | Noticed a hippogriff
   241 | D        | Noticed a hippogriff
   274 | D        | Killed a hippogriff
   274 | D        | Reached skill level 10 in Stealth
   278 | D        | Killed a hippogriff
   278 | D        | Reached XP level 7. HP: 34/36 MP: 6/19
   366 | D        | Killed a boulder beetle
   366 | D        | Reached skill level 11 in Stealth
   373 | D        | Killed a boulder beetle
   373 | D        | Reached skill level 10 in Dodging
   384 | D        | Noticed an obsidian statue
   394 | D        | Found Aheygumi's Book Emporium.
   395 | D        | Found Ruxicheg's Antique Armour Emporium.
   395 | D        | Found Qanoic's Book Shoppe.
   403 | D        | Found Pasiodib's Antique Armour Shoppe.
   403 | D        | Found Igudis's Jewellery Emporium.
   405 | D        | Found Juavuq's Antique Armour Emporium.
   405 | D        | Found Zebbuhog's Magic Scroll Shoppe.
   406 | D        | Found Jicuas's Distillery.
   406 | D        | Found Quek's Distillery.
   407 | D        | Found Exuomo's Food Shoppe.
   408 | D        | Found Upsoewku's Antique Weapon Shoppe.
   411 | D        | Found Viliud's Gadget Emporium.
   411 | D        | Found Boeshrow's Gadget Shoppe.
   411 | D        | Noticed a fire dragon
   411 | D        | Noticed an oklob plant
   427 | D        | Noticed an ice statue
   449 | D        | Found Qakaess's Distillery.
   449 | D        | Found Koweiw's Jewellery Emporium.
   449 | D        | Found Lobocvoe's Book Shoppe.
   462 | D        | Noticed a hell hog
   462 | D        | Noticed a death yak
   466 | D        | Noticed a hell hog
   477 | D        | Bought a book of Burglary for 900 gold pieces
   490 | D        | Learned a level 3 spell: Passwall
   495 | D        | Learned a level 4 spell: Passage of Golubria
   501 | D        | Learned a level 5 spell: Lee's Rapid Deconstruction
   523 | D        | Found a snail-covered altar of Cheibriados.
   524 | D        | Found a corrupted altar of Lugonu.
   524 | D        | Found a white marble altar of Elyvilon.
   524 | D        | Found a glowing silver altar of Zin.
   525 | D        | Found a radiant altar of Vehumet.
   525 | D        | Found a blossoming altar of Fedhas.
   525 | D        | Found a deep blue altar of Sif Muna.
   526 | D        | Found an opulent altar of Gozag.
   526 | D        | Found an iron altar of Okawaru.
   526 | D        | Found a bloodstained altar of Trog.
   535 | D        | Reached XP level 8. HP: 37/42 MP: 12/22
   537 | D        | Found a sparkling altar of Nemelex Xobeh.
   537 | D        | Found a burning altar of Makhleb.
   538 | D        | Found a viscous altar of Jiyva.
   538 | D        | Found a stormy altar of Qazlal.
   538 | D        | Found a sacrificial altar of Ru.
   539 | D        | Noticed a yaktaur
   539 | D        | Noticed a polar bear
   540 | D        | Noticed a polar bear
   540 | D        | Noticed a polar bear
   541 | D        | Killed a polar bear
   541 | D        | Reached skill level 1 in Translocations
   541 | D        | Reached skill level 1 in Transmutations
   541 | D        | Reached skill level 1 in Earth Magic
   566 | D        | Reached skill level 12 in Stealth
   568 | D        | Killed a polar bear
   571 | D        | Killed a polar bear
   577 | D        | Slain by a yaktaur

Vault maps used:
D:        the_violet_keep_of_menkaure

Action                   |  1- 3 |  4- 6 |  7- 9 || total
-------------------------+-------+-------+-------++-------
Melee: Dagger            |     5 |    11 |     3 ||    19
       Rapier            |       |       |     9 ||     9
 Cast: Corona            |     1 |       |       ||     1
       Ensorcelled Hiber |       |    13 |     7 ||    20
       Dazzling Spray    |       |       |     6 ||     6
       Confuse           |       |       |     1 ||     1
  Use: Potion            |       |       |     2 ||     2
 Stab: Sleeping          |     1 |     8 |     6 ||    15
       Invisible         |       |       |     1 ||     1
